 Dungeon Crawl Stone Soup version 0.29.1-15-g9cfb28693d (webtiles) character file.

Game seed: 13989645914106637365

65 Delarado the Changer (level 4, 0/28 HPs)
             Began as an Octopode Transmuter on Apr 26, 2023.
             Succumbed to an adder's poison
             ... on level 2 of the Dungeon.
             The game lasted 00:02:09 (1556 turns).

Delarado the Changer (Octopode Transmuter)          Turns: 1556, Time: 00:02:10

Health: 0/28       AC:  1    Str: 11    XL:     4   Next: 13%
Magic:  7/7        EV: 13    Int: 15    God:
Gold:   35         SH:  0    Dex: 12    Spells: 6/7 levels left

rFire   . . .      SeeInvis .     - Unarmed
rCold   . . .      Faith    .   (no shield)
rNeg    . . .      Spirit   .   (helmet currently unavailable)
rPois   .          Reflect  .   (no amulet)
rElec   .          Harm     .   (no ring)
rCorr   .          Rampage  .   (no ring)
Will    .....                   (no ring)
Stlth   ++........              (no ring)
HPRegen 0.09/turn               (no ring)
MPRegen 0.10/turn               (no ring)
                                (no ring)
                                (no ring)

@: lethally poisoned (0 -> -8), appendages
A: tentacle spike 3, almost no armour, amphibious, 8 rings, camouflage 1,
gelatinous body 1, (nimble swimmer 1), tentacles
a: End Transformation


You were on level 2 of the Dungeon.
One of your tentacles had grown a beastly spike.
You visited 1 branch of the dungeon, and saw 2 of its levels.

You collected 35 gold pieces.

Inventory:

Missiles
 c - 11 stones (quivered)
 h - a throwing net
Armour
 f - a +0 buckler
Scrolls
 g - a scroll of amnesia {unknown}
 i - a scroll of teleportation {unknown}
 j - a scroll of summoning {unknown}
 k - a scroll of vulnerability {unknown}
Potions
 a - a potion of lignification
 b - a potion of berserk rage {unknown}
 d - a potion of curing {unknown}
 e - a potion of degeneration {unknown}


   Skills:
 - Level 1.0 Fighting
 - Level 2.0 Dodging
 - Level 3.0 Unarmed Combat
 - Level 2.0 Spellcasting
 + Level 4.3 Transmutations


You had 6 spell levels left.
You knew the following spells:

 Your Spells              Type           Power      Damage    Failure   Level
a - Beastly Appendage     Tmut           28%        N/A       3%          1

Your spell library contained the following spells:

 Spells                   Type           Power      Damage    Failure   Level
 Wereblood                Tmut           14%        N/A       6%          2
 Spider Form              Tmut/Pois      7%         N/A       28%         3
 Ice Form                 Ice/Tmut       7%         N/A       67%         4


Dungeon Overview and Level Annotations

Branches:
Dungeon (2/15)

Altars:


Innate Abilities, Weirdness & Mutations

One of your tentacles has grown a beastly spike.
You cannot wear most types of armour.
You are amphibious.
You can wear up to eight rings at the same time.
Your skin changes colour to match your surroundings (Stealth+).
Your rubbery body absorbs attacks. (AC +1, EV +1)
((You are camouflaged when in or above water. (Stealth+)))
You have tentacles for arms and can constrict up to eight enemies at once.


Message History

You tentacle-slap the gnoll. Your grab misses the gnoll.
Your tentacle spike misses the gnoll.
The gnoll is moderately wounded.
The gnoll barely misses you.
You tentacle-slap the gnoll. You grab the gnoll.
You pierce the gnoll.
The gnoll is severely wounded.
You constrict the gnoll, but do no damage.
The gnoll hits you with a +0 spear.
You tentacle-slap the gnoll but do no damage.
You squeeze the gnoll.
You kill the gnoll!
Your Transmutations skill increases to level 4!
An adder and a gnoll come into view.
The adder moves out of view.
You see here a +0 spear.
You barely miss the gnoll.
The gnoll shouts!
You grab the gnoll.
You pierce the gnoll.
The gnoll is heavily wounded.
You constrict the gnoll.
You hear an angry hiss.
You hear a shout!
You hear an angry hiss.
The gnoll hits you with a +0 flail!
You tentacle-slap the gnoll but do no damage.
The gnoll is heavily wounded.
You constrict the gnoll. The gnoll hits you with a +0 flail!
* * * LOW HITPOINT WARNING * * *
You tentacle-slap the gnoll.
The gnoll is almost dead.
You constrict the gnoll.
You kill the gnoll!
You have reached level 4!
You closely miss the adder. You grab the adder. You constrict the adder.
The adder bites you.
* * * LOW HITPOINT WARNING * * *
You are lethally poisoned!
The adder poisons you!
You tentacle-slap the adder.
You pierce the adder.
The adder is severely wounded.
You constrict the adder.
You die...

#...## #.##.#
#.### #.##.# #.#
#.##.#
#.######.##.#
#.##<....##.######
#>...............#
###########.####.#
#.#### #..@.#
####S# ..# g.w'
....#. #.g..##.
#w...# #. #....#
.#


You could see an adder and a dart slug.

Vanquished Creatures
  3 gnolls
  A dart slug (D:1)
  2 ball pythons (D:1)
  2 bats (D:1)
  3 endoplasms (D:1)
  A giant cockroach (D:1)
  2 goblins (D:1)
  4 hobgoblins
  A quokka (D:1)
  3 frilled lizards (D:1)
  9 kobolds (D:1)
  2 rats (D:1)
33 creatures vanquished.

Notes
Turn   | Place    | Note
-------+----------+-------------------------------------------
     0 | D:1      | Delarado the Octopode Transmuter began the quest for the
                  | Orb.
     0 | D:1      | Reached XP level 1. HP: 13/13 MP: 3/3
   201 | D:1      | Reached XP level 2. HP: 15/18 MP: 1/5
   318 | D:1      | Reached skill level 3 in Transmutations
   772 | D:1      | Reached XP level 3. HP: 23/23 MP: 4/6
   816 | D:1      | Found a faded altar of an unknown god.
  1551 | D:2      | Reached skill level 4 in Transmutations
  1555 | D:2      | Reached XP level 4. HP: 3/28 MP: 7/7
  1555 | D:2      | HP: 1/28 [adder (2)]
  1556 | D:2      | Succumbed to an adder's poison

Illustrated notes

Levels and vault maps discovered:
D:1:      grunt_arrival_lava_bath, layout_basic,
          shapermc_ecumenical_altar_pompeii, dreamdust_princess_corridor,
          minmay_indecisive_spiral
D:2:      layout_basic

Skill      XL: |  1  2  3 |
---------------+----------+-----
Transmutations | 3 4 |  4.3
Fighting       | |  1.0
Dodging        | |  2.0
Unarmed Combat | |  3.0
Spellcasting   | |  2.0

Action                   |  1- 3 |  4- 6 || total
-------------------------+-------+-------++-------
Melee: Unarmed           |    66 |     2 ||    68
       Kick              |    20 |     1 ||    21
       Constrict         |    22 |     1 ||    23
       Tentacles         |    10 |       ||    10
       Punch             |     1 |       ||     1
Throw: Stone             |     1 |       ||     1
 Cast: Beastly Appendage |    20 |       ||    20
 Stab: Sleeping          |     4 |       ||     4
Armor: Skin              |     7 |       ||     7
Dodge: Dodged            |    32 |       ||    32
